 Dungeon Crawl Stone Soup version 0.23.2-40-g277498a001 (webtiles) character file.

Game seed: 5832747048162926029

280 FishyPogo the Grave Robber (level 6, -5/54 HPs)
             Began as a Deep Dwarf Necromancer on Aug 14, 2019.
             Was a Follower of Nemelex Xobeh.
             Killed by nerve-wracking pain
             ... invoked by an orc priest
              (11 damage)
             ... on level 4 of the Dungeon.
             The game lasted 00:21:53 (3630 turns).

FishyPogo the Grave Robber (Deep Dwarf Necromancer) Turns: 3630, Time: 00:21:53

Health: -5/54      AC:  4    Str: 11    XL:     6   Next: 5%
Magic:  1/10       EV: 10    Int: 18    God:    Nemelex Xobeh [*.....]
Gold:   229        SH:  0    Dex: 13    Spells: 6/11 levels left

rFire    . . .     SeeInvis .   a - +2 dagger (speed)
rCold    . . .     Gourm    .   (no shield)
rNeg     . . .     Faith    .   f - +0 robe
rPois    .         Spirit   .   q - +0 helmet
rElec    .         Reflect  .   (no cloak)
rCorr    .         Harm     .   r - +0 pair of gloves
MR       .....                  (no boots)
Stlth    +++++.....             (no amulet)
HPRegen  0.00/turn              d - ring of stealth
MPRegen  0.12/turn              l - ring of stealth

@: non-regenerating, constricted
A: damage resistance, heal wounds, sense surroundings 1, no regeneration
a: Heal Wounds, Draw Escape, Draw Destruction, Draw Summoning, Renounce Religion


You were on level 4 of the Dungeon.
You worshipped Nemelex Xobeh.
Nemelex Xobeh was aware of your devotion.
You were not hungry.

You visited 1 branch of the dungeon, and saw 4 of its levels.

You collected 229 gold pieces.

Inventory:

Hand Weapons
 a - a +2 dagger of speed (weapon)
 b - a +1 whip of freezing
 t - a +0 hand axe
Armour
 f - a +0 robe (worn)
 q - a +0 helmet (worn)
 r - a +0 pair of gloves (worn)
Jewellery
 d - a ring of stealth (left hand)
 l - a ring of stealth (right hand)
 v - an uncursed ring of positive energy
Scrolls
 h - a scroll of blinking {unknown}
 i - 4 scrolls of identify {unknown}
 n - 5 scrolls of amnesia {unknown}
 u - a scroll of remove curse {unknown}
Potions
 e - 2 potions of agility {unknown}
 g - 2 potions of flight {unknown}
 m - a potion of might {unknown}
 s - 2 potions of curing {unknown}
 w - a potion of resistance {unknown}
Comestibles
 c - 5 rations
 p - a chunk of flesh


   Skills:
 * Level 2.3 Fighting
 + Level 3.2 Dodging
 * Level 4.4 Stealth
 * Level 3.0 Spellcasting
 + Level 5.0 Necromancy
 + Level 0.3 Invocations


You had 6 spell levels left.
You knew the following spells:

 Your Spells              Type           Power        Failure   Level  Hunger
a - Pain                  Necr           ###.         1%          1    None
c - Vampiric Draining     Necr           ###.......   6%          3    ###....
d - Animate Skeleton      Necr           N/A          1%          1    None

Your spell library contained the following spells:

 Spells                   Type           Power        Failure   Level  Hunger
 Animate Dead             Necr           N/A          21%         4    ####...
 Regeneration             Chrm/Necr      Unusable     N/A         3    N/A

Dungeon Overview and Level Annotations

Branches:
Dungeon (4/15)
 Temple: D:4-7

Altars:
Cheibriados
Dithmenos
Gozag
Hepliaklqana
Kikubaaqudgha
Makhleb
Nemelex Xobeh
Qazlal
Sif Muna
Wu Jian
The Shining One


Innate Abilities, Weirdness & Mutations

You are resistant to damage.
You can heal yourself by infusing magical energy.
You passively map a small area around you.
You do not regenerate.


Message History

The orc priest casts a cantrip, but nothing happens.
The ball python bites you but does no damage.
The ball python constricts you.
You closely miss the ball python. The insubstantial wisp hits you.
The insubstantial wisp blinks!
The orc hits you with a +0 dagger. The orc priest hits you with a +0 mace.
* * * LOW HITPOINT WARNING * * *
You hit the orc but do no damage.
The orc is almost dead.
The ball python barely misses you. The ball python constricts you.
You barely miss the orc.
The orc is almost dead.
The insubstantial wisp hits you!
* * * LOW HITPOINT WARNING * * *
The orc barely misses you. The ball python closely misses you.
The ball python constricts you.
The orc priest invokes the aid of Beogh against you.
Pain shoots through your body!
You die...
Your body disappears without a glow.

,,,*,**,,,,**,,,,,,,,,,.......#.#
*,,*,**,,>,**,,,,,,,,,..(.....#..
,,,',,,,,,,**,,,,,,,,.........+,.
,,,*,,,,,,,,*,,,,,,,,.........#*#
,,,*,,,,,,,,*,,,,,***'####....#
,,,*,,,,,,,,**#######....#,,,,*
,,,*,,,,,,,,* #..........#,,,,*
,,,*,,,,,,,,* #.vo.......#.,,,*
,,,*,,,,,,,,###.@ov......''******
,,,*********#.aS###........,,,,,,
,,,,,,,,,,,,#..v#*#........,,,,,,
*,,,,,,,,**+#.....#........,,,,,,
*,,,,,,,,,,.......#.o.###..>,,,,,
+,,,,,,,,.........#...# *,.,,,,,,
*,,,,,,...........#.o.# *,,,,,,,,
*,,,,,,...........#...#**,,,,,,,,
*,,,,,,..####...o.'...',,,,**,,,*


You could see 3 insubstantial wisps, a worker ant, an orc priest, an orc and a
ball python.

Vanquished Creatures
  A howler monkey (D:4)
  2 orc priests (D:3)
  A hound (D:4)
  A worker ant (D:4)
  An adder (D:3)
  2 gnolls (D:4)
  3 worms
  3 dart slugs
  8 orcs
  4 giant cockroaches
  7 goblins
  11 hobgoblins
  6 jackals
  7 kobolds
  3 quokkas
  7 bats
  3 frilled lizards
  7 rats
77 creatures vanquished.

Notes
Turn   | Place    | Note
-------+----------+-------------------------------------------
     0 | D:1      | FishyPogo the Deep Dwarf Necromancer began the quest for
                  | the Orb.
     0 | D:1      | Reached XP level 1. HP: 15/15 MP: 3/3
     2 | D:1      | Learned a level 1 spell: Animate Skeleton
   186 | D:1      | Reached XP level 2. HP: 22/24 MP: 0/4
   923 | D:2      | Reached skill level 1 in Fighting
   923 | D:2      | Reached XP level 3. HP: 29/31 MP: 6/6
   935 | D:2      | Learned a level 3 spell: Vampiric Draining
  1741 | D:2      | Found a snail-covered altar of Cheibriados.
  2079 | D:3      | Reached XP level 4. HP: 18/38 MP: 3/7
  2349 | D:3      | Found a sparkling altar of Nemelex Xobeh.
  2362 | D:3      | Became a worshipper of Nemelex Xobeh the Trickster
  2437 | D:3      | Received a gift from Nemelex Xobeh
  2512 | D:3      | Reached XP level 5. HP: 8/45 MP: 0/9
  2694 | D:3      | Found a stormy altar of Qazlal.
  3229 | D:4      | Reached skill level 5 in Necromancy
  3301 | D:4      | Reached * piety under Nemelex Xobeh
  3308 | D:4      | Found a glowing golden altar of the Shining One.
  3308 | D:4      | Found a deep blue altar of Sif Muna.
  3310 | D:4      | Found an ornate altar of the Wu Jian Council.
  3319 | D:4      | Found an ancient bone altar of Kikubaaqudgha.
  3319 | D:4      | Found a shadowy altar of Dithmenos.
  3321 | D:4      | Found a hazy altar of Hepliaklqana.
  3321 | D:4      | Found a burning altar of Makhleb.
  3326 | D:4      | Found an opulent altar of Gozag.
  3593 | D:4      | Reached XP level 6. HP: 51/54 MP: 2/10
  3626 | D:4      | Noticed an insubstantial wisp
  3626 | D:4      | Noticed an insubstantial wisp
  3626 | D:4      | Noticed an insubstantial wisp
  3630 | D:4      | Killed from afar by an orc priest

Skill      XL: |  1  2  3  4  5 |
---------------+----------------+-----
Spellcasting   | 2 3 |  3.0
Stealth        | 3 4 |  4.4
Fighting       | 1 2 |  2.3
Dodging        | 3 |  3.2
Necromancy     | 5 |  5.0
Invocations    | |  0.3

Action                   |  1- 3 |  4- 6 || total
-------------------------+-------+-------++-------
Melee: Club              |     4 |       ||     4
       Dagger            |    25 |    44 ||    69
       Whip              |    40 |       ||    40
 Cast: Pain              |    32 |     7 ||    39
       Vampiric Draining |    14 |    32 ||    46
 Abil: Draw Escape       |       |     1 ||     1
       Draw Summoning    |       |     1 ||     1
  Use: Scroll            |       |     3 ||     3
 Stab: Sleeping          |     3 |     8 ||    11
  Eat: Chunk             |     6 |     8 ||    14
Armor: Robe              |    15 |     5 ||    20
Dodge: Dodged            |    67 |    32 ||    99
